 Dungeon Crawl Stone Soup version 0.16.2-12-gd0ad4c3 (webtiles) character file.

9135 faibistes the Thaumaturge (level 11, -4/60 HPs)
             Began as a Deep Elf Wizard on Jan 6, 2018.
             Was a High Priest of Sif Muna.
             Slain by a seven-headed hydra (13 damage)
             ... on level 1 of the Lair of Beasts.
             The game lasted 00:58:12 (18508 turns).

faibistes the Thaumaturge (Deep Elf Wizard)        Turns: 18508, Time: 00:58:13

Health: -4/60      AC:  7    Str:  7    XL:     11   Next: 19%
Magic:  23/32      EV: 16    Int: 32    God:    Sif Muna [*****.]
Gold:   427        SH:  0    Dex: 13    Spells: 9 memorised, 4 levels left

rFire  + . .     SeeInvis .     z - +3 hand axe of Qagacraa {freeze, rN++}
rCold  + . .     Clarity  .     L - -1 robe of Negation {rElec rC+ Str+3 Int+3 Stlth-}
rNeg   + + .     SustAb   .     (no shield)
rPois  .         Gourm    .     M - +1 helmet
rElec  +         Spirit   .     j - +0 cloak
rCorr  .         Warding  .     (no gloves)
rMut   +         Stasis   .     A - +2 pair of boots
MR     +....                    I - amulet of resist mutation
Stlth  ++........               B - +2 ring of intelligence
                                H - ring of Scepticism {rF+ Stlth+}

@: repel missiles, somewhat resistant to hostile enchantments, unstealthy
A: no striking features
a: Channel Energy, Forget Spell, Renounce Religion


You were on level 1 of the Lair of Beasts.
You worshipped Sif Muna.
Sif Muna was extremely pleased with you.
You were not hungry.

You visited 3 branches of the dungeon, and saw 16 of its levels.

You collected 742 gold pieces.
You spent 315 gold pieces at shops.

Inventory:

Hand weapons
 b - a +3 scimitar of holy wrath
 z - the +3 hand axe of Qagacraa (weapon) {freeze, rN++}
   (You found it on level 5 of the Dungeon)

   It has been specially enchanted to freeze those struck by it, causing extra
   injury to most foes and up to half again as much damage against particularly
   susceptible opponents.
   It can also slow down cold-blooded creatures.
   It greatly protects you from negative energy.
 P - a +0 spear of piercing
 Q - a +3 dagger of venom
Armour
 j - a +0 cloak (worn)
 A - a +2 pair of boots (worn)
 L - the -1 robe of Negation (worn) {rElec rC+ Str+3 Int+3 Stlth-}
   (You bought it in a shop on level 6 of the Dungeon)

   It affects your strength (+3).
   It affects your intelligence (+3).
   It protects you from cold.
   It insulates you from electricity.
   It makes you less stealthy.
 M - a +1 helmet (worn)
Magical staves
 D - an uncursed staff of fire
Jewellery
 a - an uncursed ring of protection from magic
 f - an uncursed amulet of regeneration {unknown}
 B - a +2 ring of intelligence (right hand)
 H - the ring of Scepticism (left hand) {rF+ Stlth+}
   (You found it on level 6 of the Dungeon)

   [ring of stealth]

   It protects you from fire.
   It makes you more stealthy.
 I - an amulet of resist mutation (around neck)
 U - a +2 ring of protection
Magical devices
 h - a wand of magic darts (13)
 i - a wand of lightning (1)
 m - a wand of digging (7)
 o - a wand of teleportation (9)
 F - a wand of draining (6)
 X - a wand of lightning (6)
 Z - a wand of slowing (23)
Scrolls
 g - 5 scrolls of remove curse
 k - 6 scrolls of teleportation
 r - 3 scrolls of amnesia
 s - 2 scrolls of holy word
 v - 2 scrolls of fear
 x - a scroll of immolation
 y - 2 scrolls of magic mapping
 E - a scroll of blinking
 G - 3 scrolls of recharging
Potions
 c - a potion of restore abilities
 e - a potion of cure mutation
 n - a potion of heal wounds
 q - a potion of cancellation {unknown}
 t - 2 potions of haste
 u - 2 potions of agility
 w - a potion of mutation {unknown}
 C - a potion of lignification {unknown}
 J - a potion of brilliance {unknown}
 K - 4 potions of curing
 O - a potion of decay {unknown}
 R - a potion of resistance {unknown}
 V - a potion of magic {unknown}
 W - a potion of ambrosia {unknown}
 Y - a potion of might {unknown}
Books
 T - a book of Alchemy

   Spells                             Type                      Level
   a - Sublimation of Blood           Necromancy                   2
   b - Alistair's Intoxication        Transmutation/Poison         4
   c - Condensation Shield            Ice                          4
   d - Petrify                        Transmutation/Earth          4
   e - Ignite Poison                  Fire/Transmutation           5
   f - Irradiate                      Conjuration/Transmutation    5
Miscellaneous
 p - a stone of tremors
Comestibles
 d - 11 bread rations
 l - 2 chunks of flesh
 N - 5 fruits
 S - 8 meat rations


   Skills:
 + Level 3.0 Fighting
 + Level 7.2 Dodging
 - Level 2.4 Stealth
 * Level 10.3 Spellcasting
 + Level 6.8 Conjurations
 + Level 5.3 Charms
 - Level 4.8 Summonings
 + Level 4.6 Translocations
 + Level 6.8 Fire Magic
 - Level 4.0 Air Magic
 * Level 4.3 Earth Magic
 - Level 3.0 Poison Magic
 * Level 4.7 Invocations
 + Level 3.6 Evocations


You had 4 spell levels left.
You knew the following spells:

 Your Spells              Type           Power        Failure   Level  Hunger
a - Magic Dart            Conj           ####         1%          1    None
b - Conjure Flame         Conj/Fire      ######..     1%          3    None
c - Call Imp              Summ           #####...     1%          2    None
d - Blink                 Tloc           N/A          1%          2    None
e - Mephitic Cloud        Conj/Pois/Air  #####...     1%          3    None
f - Repel Missiles        Chrm/Air       #####.       1%          2    None
g - Leda's Liquefaction   Hex/Erth       ####......   14%         4    None
x - Sticky Flame          Conj/Fire      ######..     1%          4    None
z - Fireball              Conj/Fire      ######....   8%          5    ###....


Dungeon Overview and Level Annotations

Branches:
Dungeon (12/15)            Temple (1/1) D:4            Lair (3/8) D:11
    Orc (0/4) D:9
  Swamp: Lair:3-6    Shoals: Lair:3-6     Snake: Lair:3-6    Spider: Lair:3-6

Altars:
Ashenzari
Cheibriados
Dithmenos
Elyvilon
Fedhas
Gozag
Kikubaaqudgha
Makhleb
Nemelex Xobeh
Okawaru
Qazlal
Ru
Sif Muna
Trog
Vehumet
Xom
Yredelemnul
Zin
The Shining One

Shops:
D:6 [(:[

Portals:
Trove: D:10 (give 24 scrolls of identify)

Annotations:
D:10 exclusion: orange crystal statue


Message History

Casting: Conjure Flame
Confirm with . or Enter, or press ? or * to list all spells.
Aiming: Sticky Flame
Press: ? - help, Shift-Dir - straight line, f - seven-headed hydra
Aim: a seven-headed hydra (lightly wounded)
The sticky flame hits the seven-headed hydra.
The seven-headed hydra is lightly wounded.
The seven-headed hydra is covered in liquid flames!
The seven-headed hydra burns!
The seven-headed hydra closely misses you.
The seven-headed hydra bites you! The seven-headed hydra misses you.
The seven-headed hydra bites you! The seven-headed hydra misses you.
The seven-headed hydra bites you. The seven-headed hydra bites you!
* * * LOW HITPOINT WARNING * * *
Casting: Sticky Flame
Confirm with . or Enter, or press ? or * to list all spells.
You blink.
You are engulfed in roaring flames.
You resist.
* * * LOW HITPOINT WARNING * * *
The seven-headed hydra burns!
The seven-headed hydra bites you!
You die...

# ### #.##########
...........#
#####....#.# ## #
##....#..## ###.#
##.........###.ยง.#
##............|.D.##
...........####.@..#
#####.....## ##.#.#
#...#.# #.##.#
##.##.# #.. ...
#.##.######### ##.
...#.....#
#.#######.# ..##
##.# # #.P #P.##


You could see a seven-headed hydra (burning).

Vanquished Creatures
  A hill giant (D:10)
  2 centaur zombies (D:10)
  Psyche (D:10)
  A trapdoor spider (D:10)
  A spriggan (D:7)
  6 yaks (D:9)
  2 hippogriffs (Lair:1)
  3 black bears
  2 water moccasins (Lair:1)
  11 orc warriors
  An ice beast (D:6)
  3 phantoms
  10 ogres
  An eye of draining (D:10)
  2 crocodiles (Lair:1)
  5 centaurs
  2 big kobolds
  3 giant frogs
  2 wyvern zombies
  A water moccasin zombie (D:9)
  4 scorpions
  11 killer bees
  3 electric eels (D:9)
  7 crimson imps
  4 wights
  3 goliath beetles
  2 quasits
  6 orc priests
  Crazy Yiuf (D:4)
  A giant frog skeleton (D:9)
  5 hounds
  2 jellies
  2 centaur skeletons
  10 iguanas
  7 orc wizards
  10 worker ants
  2 hound skeletons
  The ghost of faibistes the Magician, a weakling DEWz (D:4)
  5 gnolls
  11 adders
  A giant mite (D:1)
  4 shadow imps
  5 worms
  3 adder skeletons
  6 giant geckos
  An ooze (D:3)
  43 orcs
  2 ball pythons (D:2)
  17 bats
  A bat zombie (D:5)
  9 giant cockroaches
  13 goblins
  19 hobgoblins
  20 jackals
  8 quokkas
  A ball python zombie (D:5)
  A giant gecko skeleton (D:4)
  5 giant newts
  3 giant spores
  A jackal zombie (D:6)
  26 kobolds
  A quokka skeleton (D:5)
  A quokka zombie (D:7)
  21 rats
  4 ballistomycetes
  3 fungi
376 creatures vanquished.

Vanquished Creatures (others)
  A wight (D:7)
  2 crimson imps (D:7)
  An iron imp (D:7)
  A worker ant (D:5)
  2 white imps
  A shadow imp (D:7)
  A hobgoblin (D:5)
  A kobold (D:7)
  A giant gecko (D:7)
  A ballistomycete (D:10)
12 creatures vanquished.

Grand Total: 388 creatures vanquished

Notes
Turn   | Place    | Note
--------------------------------------------------------------
     0 | D:1      | faibistes, the Deep Elf Wizard, began the quest for the Orb.
     0 | D:1      | Reached XP level 1. HP: 10/10 MP: 6/6
    82 | D:1      | Reached XP level 2. HP: 15/15 MP: 0/10
    86 | D:1      | Learned a level 2 spell: Blink
    89 | D:1      | Learned a level 2 spell: Call Imp
   359 | D:1      | Reached skill level 5 in Spellcasting
   442 | D:2      | Reached XP level 3. HP: 19/19 MP: 10/14
   447 | D:2      | Learned a level 3 spell: Conjure Flame
   451 | D:2      | Learned a level 3 spell: Mephitic Cloud
  1371 | D:3      | Reached XP level 4. HP: 24/24 MP: 15/17
  1381 | D:3      | Learned a level 2 spell: Repel Missiles
  1509 | D:3      | Found an opulent altar of Gozag.
  1874 | D:2      | Found a basalt altar of Yredelemnul.
  2809 | D:3      | Reached XP level 5. HP: 11/28 MP: 1/20
  3041 | D:3      | Noticed a phantom
  3087 | D:3      | Killed a phantom
  3087 | D:3      | Reached skill level 6 in Spellcasting
  3361 | D:3      | Reached XP level 6. HP: 32/32 MP: 16/22
  3506 | D:4      | Found a staircase to the Ecumenical Temple.
  3518 | Temple   | Entered the Ecumenical Temple
  3791 | Temple   | Became a worshipper of Sif Muna the Loreminder
  4217 | D:4      | Noticed faibistes' ghost (weakling DEWz)
  4239 | D:4      | Killed faibistes' ghost
  4464 | D:4      | Found a bloodstained altar of Trog.
  4622 | D:4      | Reached skill level 1 in Fire Magic
  4771 | D:4      | Noticed a phantom
  4776 | D:4      | Killed a phantom
  4935 | D:5      | Entered Level 5 of the Dungeon
  4945 | D:5      | Got a smoking hand axe
  4946 | D:5      | Identified the cursed +3 hand axe of Qagacraa {freeze, rN++} (You found it on level 5 of the Dungeon)
  4998 | D:5      | Found a shimmering altar of Xom.
  5006 | D:5      | Reached XP level 7. HP: 36/36 MP: 7/24
  5010 | D:5      | Reached skill level 1 in Poison Magic
  5011 | D:5      | Reached skill level 7 in Spellcasting
  5180 | D:4      | Found a shattered altar of Ashenzari.
  5180 | D:4      | Noticed an ogre
  5190 | D:4      | Killed an ogre
  5190 | D:4      | Acquired Sif Muna's first power
  5191 | D:4      | Found a glowing golden altar of the Shining One.
  5234 | D:4      | Noticed an orc warrior
  5251 | D:4      | Killed an orc warrior
  5251 | D:4      | Reached skill level 1 in Air Magic
  5661 | D:4      | Found an iron altar of Okawaru.
  5877 | D:4      | Noticed Crazy Yiuf
  5886 | D:4      | Killed Crazy Yiuf
  6220 | D:5      | Found a sparkling altar of Nemelex Xobeh.
  6312 | D:5      | Reached XP level 8. HP: 41/41 MP: 19/26
  6416 | D:5      | Reached skill level 5 in Dodging
  7110 | D:5      | Acquired Sif Muna's second power
  7446 | D:6      | Found Twaikk's Antique Armour Emporium.
  7591 | D:6      | Reached skill level 5 in Conjurations
  7836 | D:6      | Learned a level 5 spell: Fireball
  7841 | D:6      | Learned a level 4 spell: Sticky Flame
  7921 | D:6      | Found Etoxoh's Antique Weapon Shop.
  7925 | D:6      | Reached skill level 8 in Spellcasting
  8213 | D:6      | Found Buakled's Antique Armour Shop.
  8232 | D:6      | Bought a wizard robe for 176 gold pieces
  8242 | D:6      | Identified the cursed -1 robe of Negation {rElec rC+ Str+3 Int+3 Stlth-} (You bought it in a shop on level 6 of the Dungeon)
  8242 | D:6      | Bought a glowing helmet for 139 gold pieces
  8824 | D:6      | Found Azusitoh's Book Shoppe.
  8851 | D:6      | Reached XP level 9. HP: 45/45 MP: 21/29
  8990 | D:6      | Got a translucent platinum ring
  8991 | D:6      | Identified the ring of Scepticism {rF+ Stlth+} (You found it on level 6 of the Dungeon)
  9157 | D:6      | Reached skill level 1 in Charms
  9325 | D:6      | Reached skill level 1 in Evocations
  9519 | D:6      | Found a stormy altar of Qazlal.
  9857 | D:7      | Reached skill level 1 in Invocations
 10732 | D:7      | Reached skill level 5 in Fire Magic
 10888 | D:8      | Reached skill level 1 in Fighting
 11077 | D:7      | Reached skill level 9 in Spellcasting
 11188 | D:7      | Learned a level 4 spell: Leda's Liquefaction
 11237 | D:7      | Found a radiant altar of Vehumet.
 11673 | D:8      | Found an ancient bone altar of Kikubaaqudgha.
 11704 | D:8      | Acquired Sif Muna's third power
 11913 | D:8      | Found a snail-covered altar of Cheibriados.
 12270 | D:10     | Entered Level 10 of the Dungeon
 12318 | D:10     | Noticed an orange crystal statue
 12697 | D:9      | Reached skill level 1 in Earth Magic
 12742 | D:9      | Reached XP level 10. HP: 52/52 MP: 11/30
 13636 | D:11     | Found a labyrinth entrance.
 13652 | D:11     | Found a staircase to the Lair.
 14632 | D:9      | Found a staircase to the Orcish Mines.
 14788 | D:10     | Found a portal to a secret trove of treasure.
 15167 | D:10     | Noticed Psyche
 15168 | D:10     | Noticed a centaur zombie
 15180 | D:10     | Killed Psyche
 15180 | D:10     | Reached skill level 10 in Spellcasting
 15190 | D:10     | Killed a centaur zombie
 15190 | D:10     | Reached skill level 5 in Charms
 15693 | D:10     | Got a faintly humming robe
 15707 | D:10     | Identified the cursed -5 robe of Brilliance {rF+} (You found it on level 10 of the Dungeon)
 15924 | D:10     | Noticed a hill giant
 15931 | D:10     | Killed a hill giant
 16167 | D:10     | Reached XP level 11. HP: 59/59 MP: 24/32
 16801 | D:11     | Found an opulent altar of Gozag.
 17564 | Lair:1   | Entered Level 1 of the Lair of Beasts
 18504 | Lair:1   | Noticed a seven-headed hydra
 18508 | Lair:1   | Slain by a seven-headed hydra

Action                   |  1- 3 |  4- 6 |  7- 9 | 10-12 || total
-------------------------+-------+-------+-------+-------++-------
Melee: Short sword       |       |    35 |       |       ||    35
       Hand axe          |       |     2 |    59 |    99 ||   160
 Cast: Magic Dart        |    93 |   147 |   322 |   142 ||   704
       Mephitic Cloud    |       |    17 |    33 |    21 ||    71
       Conjure Flame     |       |     8 |    30 |    42 ||    80
       Blink             |       |     1 |     7 |     5 ||    13
       Repel Missiles    |       |     1 |       |       ||     1
       Call Imp          |       |     5 |     5 |       ||    10
       Sticky Flame      |       |       |    16 |    57 ||    73
       Fireball          |       |       |       |    25 ||    25
Invok: Channel Energy    |       |       |     1 |     4 ||     5
  Use: Scroll            |       |     2 |    14 |    10 ||    26
       Potion            |       |       |       |     3 ||     3
 Stab: Confused          |       |     2 |     4 |     5 ||    11
       Sleeping          |       |       |     1 |       ||     1
  Eat: Chunk             |     1 |    10 |    24 |    17 ||    52
       Beef jerky        |       |     1 |       |       ||     1
       Royal jelly       |       |       |       |     1 ||     1
       Pizza             |       |       |       |     1 ||     1
